 Dungeon Crawl Stone Soup version 0.27-a0-1184-ge86db4a01e (webtiles) character file.

Game seed: 13090703427961746996

1753 porpoise the Sneak (level 9, 0/60 HPs)
             Began as an Octopode Conjurer on May 19, 2021.
             Slain by a two-headed ogre
             ... wielding a +0 giant club
              (30 damage)
             ... on level 6 of the Dungeon.
             The game lasted 00:18:56 (6336 turns).

porpoise the Sneak (Octopode Conjurer)              Turns: 6336, Time: 00:18:56

Health: 0/60       AC:  2    Str:  6    XL:     9   Next: 6%
Magic:  12/25      EV: 14    Int: 23    God:
Gold:   161        SH:  0    Dex: 11    Spells: 7/18 levels left

rFire    . . .     SeeInvis .   b - +0 hunting sling
rCold    . . .     Faith    .   (no shield)
rNeg     . . .     Spirit   .   e - +1 hat
rPois    .         Reflect  .   (no amulet)
rElec    .         Harm     .   c - ring of magical power
rCorr    .         Rampage  .   (no ring)
Will     .....                  (no ring)
Stlth    ++++......             (no ring)
HPRegen  0.20/turn              (no ring)
MPRegen  0.19/turn              (no ring)
                                (no ring)
                                (no ring)

@: no status effects
A: almost no armour, amphibious, 8 rings, camouflage 1, gelatinous body 1,
(nimble swimmer 1), tentacles
a: no special abilities


You were on level 6 of the Dungeon.
You visited 1 branch of the dungeon, and saw 6 of its levels.

You collected 227 gold pieces.
You spent 66 gold pieces at shops.

Inventory:

Hand Weapons
 a - the +6 flail "Kaxte" {freeze, Dex+2}
   (You found it on level 4 of the Dungeon)

   It has been specially enchanted to freeze those struck by it, causing extra
   injury to most foes and up to half again as much damage against particularly
   susceptible opponents.
   It can also slow down cold-blooded creatures.
   It affects your dexterity (+2).
 b - a +0 hunting sling (weapon)
 z - a +0 short sword of draining
Missiles
 g - 5 datura-tipped darts
 j - 27 bolts
 k - 281 stones (quivered ammo)
 x - 13 poisoned darts
 C - 16 sling bullets
Armour
 e - a +1 hat (worn)
Jewellery
 c - a ring of magical power (left tentacle)
 E - an amulet of guardian spirit
Wands
 D - a wand of mindburst (18)
Scrolls
 f - a scroll of noise {unknown}
 h - a scroll of blinking {unknown}
 i - a scroll of summoning {unknown}
 l - a scroll of fear {unknown}
 p - 2 scrolls of teleportation
 s - a scroll of enchant armour {unknown}
 t - a scroll of enchant weapon {unknown}
 u - a scroll of fog {unknown}
 v - a scroll of vulnerability {unknown}
 w - a scroll of amnesia {unknown}
 y - a scroll of magic mapping {unknown}
Potions
 d - a potion of resistance
 m - 5 potions of curing
 n - a potion of cancellation
 o - 2 potions of might
 q - a potion of heal wounds
 r - a potion of degeneration {unknown}
 A - a potion of lignification {unknown}
 B - a potion of brilliance {unknown}
 F - a potion of haste {unknown}


   Skills:
 * Level 4.8 Fighting
 * Level 4.7 Dodging
 + Level 7.6 Stealth
 - Level 5.0 Spellcasting
 - Level 7.0 Conjurations


You had 7 spell levels left.
You knew the following spells:

 Your Spells              Type           Power      Damage    Failure   Level
a - Magic Dart            Conj           100%       1d8       1%          1
b - Searing Ray           Conj           74%        3d6       1%          2
c - Iskenderun's Mystic   Conj/Tloc      21%        2d6       22%         4
d - Fulminant Prism       Conj/Hex       10%        3d9       22%         4

Your spell library contained the following spells:

 Spells                   Type           Power      Damage    Failure   Level
 Dazzling Flash           Conj/Hex       42%        N/A       7%          3
 Beastly Appendage        Tmut           10%        N/A       10%         1
 Wereblood                Tmut           5%         N/A       14%         2
 Spider Form              Tmut/Pois      2%         N/A       28%         3
 Ice Form                 Ice/Tmut       5%         N/A       67%         4
 Hydra Form               Tmut           2%         N/A       95%         5


Dungeon Overview and Level Annotations

Branches:
Dungeon (6/15)
 Temple: D:4-7

Altars:

Shops:
D:1 *   D:6 *


Innate Abilities, Weirdness & Mutations

You cannot wear most types of armour.
You are amphibious.
You can wear up to eight rings at the same time.
Your skin changes colour to match your surroundings (Stealth+).
Your rubbery body absorbs attacks. (AC +1, EV +1)
((You are camouflaged near water. (Stealth+)))
You have tentacles for arms and can constrict up to eight enemies at once.


Message History

The two-headed ogre is lightly wounded.
The two-headed ogre shouts in stereo! (Press . to maintain the ray.)
The searing ray hits the two-headed ogre!
The two-headed ogre is lightly wounded.
The searing ray hits the two-headed ogre!
The two-headed ogre is moderately wounded.
The two-headed ogre closely misses you. x2
The searing ray hits the two-headed ogre!
The two-headed ogre is moderately wounded.
You finish channeling your searing ray.
The two-headed ogre hits you with a +0 giant club!!
The two-headed ogre closely misses you.
Casting: Searing Ray (safe; 1% risk of failure)
Confirm with . or Enter, or press ? or * to list all spells.
The spell is quite dangerous to cast (22% risk of failure)!
Continue anyway?
You erupt in a blast of force!
The mystic blast hits the two-headed ogre!
The two-headed ogre is heavily wounded.
The two-headed ogre is knocked back by the mystic blast.
Casting: Iskenderun's Mystic Blast (quite dangerous; 22% risk of failure)
Confirm with . or Enter, or press ? or * to list all spells.
Aiming: Searing Ray (safe; 1% risk of failure)
Press: ? - help, Shift-Dir - straight line, f/p - two-headed ogre
Aim: a two-headed ogre, wielding two +0 giant clubs (heavily wounded, 91% to hit)
The searing ray hits the two-headed ogre.
The two-headed ogre is heavily wounded. (Press . to maintain the ray.)
The searing ray hits the two-headed ogre.
The two-headed ogre is severely wounded.
The searing ray hits the two-headed ogre!
The two-headed ogre is almost dead.
The two-headed ogre hits you with a +0 giant club.
The two-headed ogre closely misses you.
The searing ray hits the two-headed ogre.
The two-headed ogre is almost dead.
You finish channeling your searing ray.
The two-headed ogre hits you with a +0 giant club!!
Ouch! That really hurt!
You die...

##.#.##.# #..#
#...##...# #.#....#
#..# #.########
#.###### #..# #.#
##.# ##.. #.####
...# #..##....#
#### ##.##.####
########## #.>.>#
#..(†††).########.#
#(O.#...)..##..O@.#
#...##.....##.#####
'...##......#.#
#...####......#
#...# ########
#..)# #...# #...#
#...+


You could see a two-headed ogre.

Vanquished Creatures
  Prince Ribbit (D:6)
  2 black bears
  2 sky beasts
  An orc warrior (D:6)
  2 ice beasts
  A necrophage (D:6)
  A phantom (D:6)
  A bullfrog (D:6)
  A scorpion (D:6)
  A water moccasin skeleton (D:6)
  A howler monkey (D:6)
  A centaur zombie (D:6)
  7 gnolls
  5 hounds
  A centaur skeleton (D:6)
  Jessica (D:2)
  Terence (D:2)
  2 iguanas
  A killer bee zombie (D:5)
  Robin (D:3)
  4 adders
  A shadow imp (D:5)
  A white imp (D:5)
  A worm (D:4)
  A dart slug (D:3)
  3 orcs
  A ball python (D:4)
  2 bats (D:3)
  10 endoplasms
  3 giant cockroaches (D:1)
  13 goblins
  8 hobgoblins
  7 jackals
  3 quokkas
  A frilled lizard (D:3)
  7 kobolds
  3 rats
103 creatures vanquished.

Vanquished Creatures (collateral kills)
  3 gnolls (D:2)
  An endoplasm (D:2)
4 creatures vanquished.

Vanquished Creatures (others)
  2 plants (D:1)
  2 withered plants (D:1)
4 creatures vanquished.

Grand Total: 111 creatures vanquished

Notes
Turn   | Place    | Note
-------+----------+-------------------------------------------
     0 | D:1      | porpoise the Octopode Conjurer began the quest for the Orb.
     0 | D:1      | Reached XP level 1. HP: 11/11 MP: 3/3
   276 | D:1      | Reached XP level 2. HP: 17/17 MP: 1/5
   322 | D:1      | Learned a level 2 spell: Searing Ray
   372 | D:1      | Found a faded altar of an unknown god.
   602 | D:1      | Found Alehitid's Assorted Antiques.
   616 | D:1      | Bought a scroll labelled PENIJI LUNTUYS for 24 gold pieces
  1123 | D:2      | Reached XP level 3. HP: 21/21 MP: 2/6
  1208 | D:2      | You fall into a shaft and drop 2 floors!
  1466 | D:3      | Reached XP level 4. HP: 27/27 MP: 8/8
  1634 | D:2      | Noticed Terence
  1714 | D:2      | Killed Terence
  1927 | D:1      | Bought a glowing pink potion for 21 gold pieces
  1927 | D:1      | Bought a silvery potion for 21 gold pieces
  2064 | D:2      | Reached skill level 5 in Conjurations
  2064 | D:2      | Reached XP level 5. HP: 31/31 MP: 6/10
  2133 | D:2      | Noticed Jessica
  2137 | D:2      | Killed Jessica
  2883 | D:3      | Noticed Robin
  2890 | D:3      | Killed Robin
  3105 | D:3      | Noticed a sky beast
  3112 | D:3      | Killed a sky beast
  3113 | D:3      | Reached XP level 6. HP: 36/36 MP: 12/12
  3187 | D:3      | Learned a level 4 spell: Iskenderun's Mystic Blast
  3192 | D:3      | Learned a level 4 spell: Fulminant Prism
  3628 | D:4      | Identified the +6 flail "Kaxte" {freeze, Dex+2}
  4096 | D:5      | Entered Level 5 of the Dungeon
  4152 | D:5      | Noticed an ice beast
  4156 | D:5      | Killed an ice beast
  4157 | D:5      | Reached skill level 5 in Stealth
  4190 | D:5      | Reached XP level 7. HP: 39/41 MP: 13/13
  5305 | D:6      | Reached skill level 5 in Spellcasting
  5399 | D:6      | Reached skill level 1 in Fighting
  5448 | D:6      | Found Nosa's Lightly-Used Armoury.
  5456 | D:5      | Reached XP level 8. HP: 22/48 MP: 15/15
  5814 | D:6      | Noticed Prince Ribbit
  5819 | D:6      | Killed Prince Ribbit
  6177 | D:6      | Noticed a two-headed ogre
  6231 | D:6      | Reached XP level 9. HP: 58/59 MP: 16/16
  6336 | D:6      | Slain by a two-headed ogre

Illustrated notes

Levels and vault maps discovered:
D:1:      roderic_crossed_star, layout_basic,
          shapermc_ecumenical_altar_flowoftime, serial_shops,
          nicolae_shop_crystal, grunt_decor_cap
D:2:      layout_basic, uniq_terence, uniq_jessica
D:3:      layout_basic, uniq_robin
D:4:      layout_rooms
D:5:      layout_loops_corners, minivault_24
D:6:      minmay_opposing_rooms, layout_basic, minmay_statues_item,
          minmay_shop_damaged, serial_bayou_crossing, uniq_prince_ribbit1

Skill      XL: |  1  2  3  4  5  6  7  8 |
---------------+-------------------------+-----
Stealth        | 3 4 5 6 7 |  7.6
Spellcasting   | 3 4 5 |  5.0
Conjurations   | 5 6 7 |  7.0
Fighting       | 1 4 |  4.8
Dodging        | 4 |  4.7

Action                   |  1- 3 |  4- 6 |  7- 9 || total
-------------------------+-------+-------+-------++-------
Melee: Short sword       |    16 |     5 |       ||    21
       Constrict         |     4 |     1 |       ||     5
       Tentacles         |     2 |       |       ||     2
       Flail             |       |     1 |       ||     1
 Fire: Hunting sling     |     1 |    61 |    27 ||    89
Throw: Dart              |       |     1 |       ||     1
 Cast: Magic Dart        |    18 |     2 |       ||    20
       Searing Ray       |    11 |    38 |    33 ||    82
       Iskenderun's Myst |       |       |     1 ||     1
  Use: Scroll            |       |     3 |     3 ||     6
Armor: Skin              |       |     2 |     5 ||     7
Dodge: Dodged            |     1 |    16 |    22 ||    39

Table legend: (Time is in decaauts)
 A = Elapsed time spent in this place.
 B = Non-inter-level travel time spent in this place.
 C = Inter-level travel time spent in this place.
 D = Time resting spent in this place.
 E = Time spent auto-exploring this place.
 F = Levels seen in this place.
 G = Mean time per level.
                   A        B        C        D        E       F      G
               +--------+--------+--------+--------+--------+-----+--------+
         Total |   6360 |   6122 |    238 |   2393 |   2900 |   6 | 1060.0 |
       Dungeon |   6360 |   6122 |    238 |   2393 |   2900 |   6 | 1060.0 |
               +--------+--------+--------+--------+--------+-----+--------+

Top non-repeatable levels by time:
     D:5: 1494 daAuts
     D:1: 1163 daAuts
     D:3: 1154 daAuts
     D:2: 1035 daAuts
     D:4: 758 daAuts
     D:6: 753 daAuts
